 Dungeon Crawl Stone Soup version 0.26-a0-317-ge2f3d4a7ca (webtiles) character file.

Game seed: 13024095630483823768

2238 BritishOli the Skirmisher (level 9, -5/71 HPs)
             Began as a Demonspawn Fighter on July 16, 2020.
             Slain by an orc warrior
             ... wielding a +0 glaive
              (11 damage)
             ... on level 6 of the Dungeon.
             The game lasted 00:09:31 (6851 turns).

BritishOli the Skirmisher (Demonspawn Fighter)      Turns: 6851, Time: 00:09:32

Health: -5/71      AC: 12    Str: 26    XL:     9   Next: 14%
Magic:  9/9        EV:  8    Int:  9    God:
Gold:   396        SH: 11    Dex: 13    Spells: 8/8 levels left

rFire    + . .     SeeInvis .   a - +0 long sword
rCold    x . .     Faith    .   c - +0 kite shield
rNeg     . . .     Spirit   .   b - +0 scale mail
rPois    .         Reflect  .   (no helmet)
rElec    +         Harm     .   o - +0 cloak
rCorr    .                      (no gloves)
MR       .....                  (no boots)
Stlth    ..........             x - amulet of regeneration
HPRegen  0.61/turn              l - ring of fire
MPRegen  0.11/turn              v - +6 ring of strength

@: no status effects
A: thin metallic scales 3, powered by death 1
a: no special abilities


You were on level 6 of the Dungeon.
You visited 2 branches of the dungeon, and saw 8 of its levels.

You collected 396 gold pieces.

Inventory:

Hand Weapons
 a - a +0 long sword (weapon)
Missiles
 r - 3 javelins (quivered)
Armour
 b - a +0 scale mail (worn)
 c - a +0 kite shield (worn)
 o - a +0 cloak (worn)
Jewellery
 l - a ring of fire (left hand)
 v - a +6 ring of strength (right hand)
 x - an amulet of regeneration (around neck)
 y - a cursed ring of attention {unknown}
 C - an uncursed amulet of reflection {unknown}
Wands
 D - a wand of clouds (5)
Scrolls
 e - a scroll of noise {unknown}
 f - 2 scrolls of immolation {unknown}
 g - 3 scrolls of fog
 h - 9 scrolls of teleportation
 i - a scroll of remove curse {unknown}
 j - a scroll of magic mapping {unknown}
 p - a scroll of fear {unknown}
 q - a scroll of enchant weapon {unknown}
 z - 3 scrolls of amnesia {unknown}
Potions
 d - 3 potions of might
 k - 2 potions of brilliance
 m - 2 potions of magic
 n - 2 potions of curing
 s - a potion of lignification {unknown}
 t - a potion of ambrosia {unknown}
 u - 3 potions of haste
 w - a potion of flight
 A - a potion of heal wounds {unknown}
 B - a potion of berserk rage {unknown}


   Skills:
 + Level 6.8 Fighting
 + Level 5.7 Long Blades
 + Level 6.2 Armour
 + Level 6.2 Shields


You had 8 spell levels left.
You didn't know any spells.
Your spell library contained the following spells:

 Spells                   Type           Power        Failure   Level
 Poisonous Vapours        Pois/Air       #.....       99%         2
 Confusing Touch          Hex            #.......     100%        3
 Conjure Flame            Conj/Fire      #.......     100%        3
 Gell's Gravitas          Tloc           #.........   100%        3
 Mephitic Cloud           Conj/Pois/Air  #.......     100%        3
 Petrify                  Tmut/Erth      #.......     100%        4
 Metabolic Englaciation   Hex/Ice        #.........   100%        5
 Yara's Violent Unravell  Hex/Tmut       #.........   100%        5
 Freezing Cloud           Conj/Ice/Air   #.........   100%        6
 Ring of Flames           Chrm/Fire      #.........   100%        7


Dungeon Overview and Level Annotations

Branches:
Dungeon (7/15)             Temple (1/1) D:6

Altars:
Ashenzari
Cheibriados
Dithmenos
Elyvilon
Fedhas
Gozag
Hepliaklqana
Kikubaaqudgha
Makhleb
Nemelex Xobeh
Qazlal
Ru
Sif Muna
Trog
Uskayaw
Vehumet
Wu Jian
Xom
Yredelemnul
Zin
The Shining One

Shops:
D:4 (


Innate Abilities, Weirdness & Mutations

You are completely covered in thin metallic scales. (AC +4, rElec)
You regenerate a little health from kills.


Message History

The orc warrior is moderately wounded.
You block the orc warrior's attack.
You hit the orc warrior but do no damage.
The orc warrior is moderately wounded.
You barely miss the orc warrior.
The orc warrior is moderately wounded.
The orc warrior hits you with a +0 glaive!!
* * * LOW HITPOINT WARNING * * *
The orc warrior barely misses you.
You closely miss the orc warrior.
The orc warrior is moderately wounded.
You hit the orc warrior but do no damage.
The orc warrior is moderately wounded.
The orc warrior hits you with a +0 glaive!
* * * LOW HITPOINT WARNING * * *
You hit the orc warrior but do no damage.
The orc warrior is moderately wounded.
The orc warrior closely misses you.
The orc warrior hits you from afar with a +0 glaive!
You die...

#......####.#..#...####
#.#..######.#....#.....
#.#................####
#.##.######.##.....###. #.##.#
#.........).. #)...#
#..##.#.#.... #....#
#..##.#.#....
#...(#######...........
#...o)@<(..(........##.
#########)(..####......##.#.##.
#.......((...# #.>............
#.......(###.# #..............
#..###...[)..# #......#.##.###
##.#('...>...# ######......#
#.#[#.......# #######.#.#..###
#.#(#.......# #...............
#.###...)#########.##.#...####


You could see an orc warrior.

Vanquished Creatures
  5 humans
  An orc warrior (D:5)
  A sky beast (D:4)
  A necrophage (D:4)
  3 ogres
  2 phantoms
  A centaur (D:6)
  Blork the orc (D:6)
  A wyvern skeleton (D:6)
  A quasit (D:4)
  A jelly (D:6)
  A bullfrog zombie (D:5)
  3 centaur skeletons
  5 orc wizards
  4 worker ants
  A hound skeleton (D:5)
  A howler monkey skeleton (D:6)
  4 gnolls (D:2)
  6 adders
  An ufetubus (D:7)
  A worm (D:2)
  4 dart slugs
  5 leopard geckos
  22 orcs
  A ball python (D:2)
  4 giant cockroaches
  5 hobgoblins
  3 quokkas
  12 bats
  8 frilled lizards
  9 goblins
  12 kobolds
  3 leopard gecko skeletons
  A quokka skeleton (D:4)
  6 rats
140 creatures vanquished.

Notes
Turn   | Place    | Note
-------+----------+-------------------------------------------
     0 | D:1      | BritishOli the Demonspawn Fighter began the quest for the
                  | Orb.
     0 | D:1      | Reached XP level 1. HP: 18/18 MP: 1/1
   226 | D:1      | Gained mutation: You regenerate a little health from kills.
                  | [demonic ancestry]
   226 | D:1      | Reached XP level 2. HP: 24/24 MP: 2/2
   581 | D:1      | Gained mutation: You are partially covered in thin metallic
                  | scales. (AC +2) [demonic ancestry]
   581 | D:1      | Reached XP level 3. HP: 29/29 MP: 3/3
   976 | D:2      | Noticed a centaur
  1658 | D:2      | Reached XP level 4. HP: 32/35 MP: 4/4
  2876 | D:3      | Reached XP level 5. HP: 42/42 MP: 5/5
  3480 | D:4      | Found a glowing golden altar of the Shining One.
  3484 | D:4      | Noticed an ogre
  3489 | D:4      | Killed an ogre
  3489 | D:4      | Reached XP level 6. HP: 29/48 MP: 6/6
  4000 | D:4      | Found Ekulol's Antique Weapon Boutique.
  4312 | D:4      | Found a basalt altar of Yredelemnul.
  4370 | D:4      | Noticed an angel
  4384 | D:5      | Entered Level 5 of the Dungeon
  4616 | D:4      | Gained mutation: You are mostly covered in thin metallic
                  | scales. (AC +3) [demonic ancestry]
  4616 | D:4      | Reached XP level 7. HP: 10/55 MP: 7/7
  4934 | D:4      | Reached skill level 5 in Fighting
  5154 | D:5      | Found a shimmering altar of Xom.
  5155 | D:5      | Found a hazy altar of Hepliaklqana.
  5155 | D:5      | Noticed a hell beast
  5156 | D:5      | Noticed a spectral ugly thing
  5156 | D:5      | Noticed a hell beast
  5280 | D:5      | Found a radiant altar of Vehumet.
  5388 | D:6      | Found a stormy altar of Qazlal.
  5388 | D:6      | Found an ornate altar of the Wu Jian Council.
  5391 | D:6      | Found a bloodstained altar of Trog.
  5393 | D:6      | Found a white marble altar of Elyvilon.
  5591 | D:6      | Noticed Blork the orc
  5605 | D:6      | Killed Blork the orc
  5605 | D:6      | Reached skill level 5 in Armour
  5605 | D:6      | Reached skill level 5 in Shields
  5605 | D:6      | Reached XP level 8. HP: 47/63 MP: 8/8
  5659 | D:6      | Found a staircase to the Ecumenical Temple.
  5680 | Temple   | Entered the Ecumenical Temple
  6016 | D:6      | Found a snail-covered altar of Cheibriados.
  6016 | D:6      | Found a shattered altar of Ashenzari.
  6165 | D:5      | Reached skill level 5 in Long Blades
  6407 | D:6      | Gained mutation: You are completely covered in thin
                  | metallic scales. (AC +4, rElec) [demonic ancestry]
  6407 | D:6      | Reached XP level 9. HP: 71/71 MP: 9/9
  6851 | D:6      | Slain by an orc warrior

Illustrated notes

Levels and vault maps discovered:
D:1:      dpeg_arrival_brainrot, layout_loops_ring, hangedman_decor_points
D:2:      layout_basic
D:3:      layout_loops_ring
D:4:      layout_cave_pools, grunt_temple_overflow_holy_war,
          serial_co_window_serial, co_window_corner_a, co_window_paths_a,
          co_window_paths_b, co_window_paths_a, co_window_corner_a,
          co_window_broadway_b, co_window_corner_ca, co_window_paths_c,
          co_window_broadway_b, co_window_corner_cb, co_window_4corner_a,
          glass_columns_c, glass_columns_a, glass_columns_c, serial_shops, shop,
          minmay_close_crescents
D:5:      layout_cave_pools, regret_index_temple_of_mockery,
          kennysheep_mini_moat
D:6:      layout_basic, grunt_temple_overflow_open, minmay_temple_entry_tees,
          minmay_ruffians, uniq_blork_the_orc
D:7:      layout_cave_pools, kennysheep_mini, basic_altar, doesnt_xom_only_xom
Temple:   compressed_dpeg_circular_temple

Skill      XL: |  1  2  3  4  5  6  7  8 |
---------------+-------------------------+-----
Long Blades    | 2 3 4 5 |  5.7
Shields        | 3 4 5 6 |  6.2
Armour         | 3 4 5 6 |  6.2
Fighting       | 4 5 6 |  6.8

Action                   |  1- 3 |  4- 6 |  7- 9 || total
-------------------------+-------+-------+-------++-------
Melee: Long sword        |   170 |   221 |   384 ||   775
Throw: Javelin           |       |       |     1 ||     1
  Use: Scroll            |       |     5 |     2 ||     7
Armor: Scale mail        |   114 |   116 |   170 ||   400
Dodge: Dodged            |    64 |    82 |   117 ||   263
Block: Kite shield       |   108 |   129 |   199 ||   436
       Rpst.: Long sword |    21 |    28 |    25 ||    74

Table legend:
 A = Non-vault XP
 B = Vault XP
 C = Vault XP percentage of total XP
 D = Non-vault monster count
 E = Vault monster count
 F = Vault count percentage of total count
                 A         B        C        D         E       F
            +---------+---------+-------+---------+---------+-------
      Total |    2067 |    1131 |  35.4 |     130 |      10 |   7.1
            +---------+---------+-------+---------+---------+-------
        D:1 |      56 |       0 |   0.0 |      25 |       0 |   0.0
        D:2 |     115 |       0 |   0.0 |      32 |       0 |   0.0
        D:3 |      40 |       0 |   0.0 |      18 |       0 |   0.0
        D:4 |     782 |      50 |   6.0 |      21 |       4 |  16.0
        D:5 |     274 |     182 |  39.9 |       8 |       1 |  11.1
        D:6 |     792 |     899 |  53.2 |      25 |       5 |  16.7
        D:7 |       8 |       0 |   0.0 |       1 |       0 |   0.0
            +---------+---------+-------+---------+---------+-------
